Unix NetHack Version 5.0.0-0 post-release - last build May 17 2026 04:57:42 (dc50c8380fa5e20985bfe3072449f57b8d9895ef,branch:main).

Game began 2026-05-19 15:46:34, ended 2026-05-19 19:37:53.

Drastanta, neutral female gnomish Wizard

  ----------                                             ------
  |:.......|                                            #.....|
  |........-######                                      #|.<..|
  |...{.*..|                                       ######|....-###      -----
  |.....f..|                                      ##     |....|  ##    #+...|
  |.d@....>.#                                     #      ----.-   #   ##|...|
  --.-------                                      #               ##  # |...|
    #                                             #                #####....|
    #                                        #####0                   # |...|
    ##                                       #                        # -----
     #                                       #
     #             #         -+--------------#
     #        ###############........r......|#
     #       #####           |...............##
  ---|--   ####              |..............|#
  |....|  #####              |..........>....#
  |.....###                  ----------------
  ------

Drastanta the Evoker      St:9 Dx:13 Co:15 In:19 Wi:10 Ch:9  Neutral
Dlvl:3  $:43 HP:0(11) Pw:7(7) AC:9  Xp:1 T:865 

Latest messages:
 You try to move the boulder, but in vain.
 You try to move the boulder, but in vain.
 The newt bites!
 You miss the newt.
 You kill the newt!
 You descend the stairs.
 You climb up the stairs.
 You swap places with your kitten.
 You see here a statue of a giant rat.
 In what direction? 4
 The spell hits the jackal.
 The spell hits the jackal!
 You kill the jackal!
 You miss the jackal.
 The jackal bites!
 You kill the jackal!
 You see here a jackal corpse.
 There is a jackal corpse here; eat it? [ynq] (n) y
 This jackal corpse tastes terrible!
 You finish eating the jackal corpse.
 You see here 4 gold pieces.
 $ - 4 gold pieces (36 in total).
 The door resists!
 The door opens.
 You see here 7 gold pieces.
 $ - 7 gold pieces (43 in total).
 The gecko bites!
 You miss the gecko.
 The gecko bites!
 You kill the gecko!
 You see here a yellow gem.
 You swap places with your kitten.
 You stop.  Your kitten is in the way!
 The door opens.
 You swap places with your kitten.
 The gecko bites!
 You miss the gecko.
 You miss the gecko.
 The gecko bites!
 You hit the gecko!
 The gecko turns to flee.
 The jackal bites!
 You miss the jackal.
 The jackal bites!
 You miss the jackal.
 The jackal bites!
 You miss the jackal.
 The jackal bites!
 You die...
 Do you want your possessions identified? [ynq] (y) q

Inventory:
 Coins    ('$')
  $ - 43 gold pieces
 Weapons  (')')
  a - a blessed +1 quarterstaff (weapon in hands)
 Armor    ('[')
  b - an uncursed +0 cloak of magic resistance (being worn)
 Scrolls  ('?')
  i - a blessed scroll of create monster
  k - an uncursed scroll of enchant weapon
  j - an uncursed scroll of stinking cloud
 Spellbooks  ('+')
  m - an uncursed spellbook of cure sickness
  l - a blessed spellbook of force bolt
 Potions  ('!')
  f - an uncursed potion of oil
  h - an uncursed potion of paralysis
  g - 2 uncursed potions of water
 Rings    ('=')
  d - an uncursed +1 ring of gain constitution (on right hand)
  e - an uncursed ring of teleport control (on left hand)
 Wands    ('/')
  c - a wand of secret door detection (0:15)
 Tools    ('(')
  o - an uncursed blindfold
  n - a magic marker (0:22)

Drastanta the Wizard's attributes:

Background:
 You were an Evoker, a level 1 female gnomish Wizard.
 You were neutral, on a mission for Thoth
 who was opposed by Ptah (lawful) and Anhur (chaotic).
 You were right-handed.
 You were in the Dungeons of Doom, on level 3.
 You entered the dungeon 865 turns ago.
 There was a new moon in effect when your adventure ended.
 You had 17 experience points, 3 more were needed to attain level 2.

Basics:
 You had 0 out of 11 hit points.
 You had all 7 energy points (spell power).
 Your armor class was 9.
 Your wallet contained 43 zorkmids.
 Autopickup was off.

Final Characteristics:
 Your strength was 9 (limit:18/50).
 Your dexterity was 13 (limit:18).
 Your constitution was 15 (base:14, limit:18).
 Your intelligence was 19 (limit:19).
 Your wisdom was 10 (limit:18).
 Your charisma was 9 (limit:18).

Final Status:
 You weren't hungry.
 You were unencumbered.
 You were wielding a quarterstaff.
 You had basic skill with quarterstaff.

Final Attributes:
 You were nominally aligned.
 You were magic-protected.
 You had infravision.
 You had teleport control.
 You were warded.
 You are dead.

Miscellaneous:
 You didn't encounter any bones levels.
 Total elapsed playing time was 42 minutes and 12 seconds.

Major events:
 Turn
    1: Drastanta the neutral female gnomish Wizard entered the dungeon
  732: entered the Gnomish Mines
  865: killed by a jackal

Spells:
 Name                 Level Category     Fail Retention
 force bolt             1   attack         0%  91%-100%
 cure sickness          3   healing       79%  76%-100%

Skills:
 Fighting Skills
   bare handed combat [Unskilled]
   riding             [Unskilled]
 Weapon Skills
   dagger             [Unskilled]
   knife              [Unskilled]
   axe                [Unskilled]
   short sword        [Unskilled]
   club               [Unskilled]
   mace               [Unskilled]
   quarterstaff       [Basic]
   polearms           [Unskilled]
   spear              [Unskilled]
   trident            [Unskilled]
   sling              [Unskilled]
   dart               [Unskilled]
   shuriken           [Unskilled]
 Spellcasting Skills
   attack spells      [Basic]
   healing spells     [Unskilled]
   divination spells  [Unskilled]
   enchantment spells [Basic]
   clerical spells    [Unskilled]
   escape spells      [Unskilled]
   matter spells      [Unskilled]

Voluntary challenges:
 Character rerolling was not enabled.
 You were illiterate.
 You never genocided any monsters.
 You never polymorphed an object.
 You never changed form.
 You used no wishes.
Achievement:
 You entered the Gnomish Mines.

 The Dungeons of Doom: levels 1 to 3
    Level 1:
       An altar, some fountains.
    Level 2:
       A fountain.
    Level 3: <- You were here.
       A sink.
       Stairs down to The Gnomish Mines.
       Final resting place for
          you, killed by a jackal.
 The Gnomish Mines:
    Level 4:


Vanquished creatures:
  a gecko
  7 jackals
  2 grid bugs
  a lichen
  5 newts
16 creatures vanquished.

No species were genocided or became extinct.

Game over:
                       ----------
                      /          \
                     /    REST    \
                    /      IN      \
                   /     PEACE      \
                  /                  \
                  |    Drastanta     |
                  |      43 Au       |
                  |   killed by a    |
                  |      jackal      |
                  |                  |
                  |                  |
                  |       2026       |
                 *|     *  *  *      | *
        _________)/\\_//(\/(/\)/\//\/|_)_______

Goodbye Drastanta the Wizard...

You died in The Dungeons of Doom on dungeon level 3 with 257 points,
and 43 pieces of gold, after 865 moves.
You were level 1 with a maximum of 11 hit points when you died.

